 Dungeon Crawl Stone Soup version 0.29.0-13-gc9e81de378 (webtiles) character file.

Game seed: 6304739866872543295

377 freelancePsychic the Skirmisher (level 7, -5/56 HPs)
             Began as a Meteoran Hunter on Sept 11, 2022.
             Slain by a troll (7 damage)
             ... on level 7 of the Dungeon.
             The game lasted 00:05:53 (736 turns).

freelancePsychic the Skirmisher (Meteoran Hunter)    Turns: 736, Time: 00:05:54

Health: -5/56      AC:  4    Str: 17    XL:     7   Next: 25%
Magic:  8/8        EV: 13    Int: 10    God:
Gold:   68         SH:  0    Dex: 26    Spells: 6/6 levels left

rFire   . . .      SeeInvis .   a - +0 shortbow
rCold   . . .      Faith    .   (shield currently unavailable)
rNeg    . . .      Spirit   .   c - +0 leather armour
rPois   .          Reflect  .   (no helmet)
rElec   .          Harm     .   (no cloak)
rCorr   .          Rampage  .   (no gloves)
Will    .....                   d - +0 pair of boots
Stlth   +.........              (no amulet)
HPRegen 0.18/turn               i - +6 ring of dexterity
MPRegen 0.11/turn               (no ring)

@: glowing
A: sense surroundings 1, otherworldly, glowing, explore regen, thin skeletal
structure 1, strong 1
a: no special abilities


You were on level 7 of the Dungeon.
You visited 1 branch of the dungeon, and saw 7 of its levels.

You collected 68 gold pieces.

Inventory:

Hand Weapons
 a - a +0 shortbow (weapon)
Armour
 c - a +0 leather armour (worn)
 d - a +0 pair of boots (worn)
Jewellery
 i - a +6 ring of dexterity (left hand)
Scrolls
 j - a scroll of vulnerability


   Skills:
 + Level 2.5 Fighting
 * Level 8.5 Ranged Weapons
 - Level 2.4 Dodging
 - Level 0.6 Stealth


You had 6 spell levels left.
You didn't know any spells.
Your spell library was empty.

Dungeon Overview and Level Annotations

Branches:
Dungeon (7/15) Zot: 3433
 Temple: D:4-7

Altars:

Annotations:
D:6 3 runed translucent doors, lambentLogic's ghost, novice KoEn


Innate Abilities, Weirdness & Mutations

You passively map a small area around you.
You are easily found by Zot.
You glow in the dark.
You regain HP and MP as you explore.
You have a somewhat thin skeletal structure. (Dex +2, Stealth+)
Your muscles are strong. (Str +4, Int/Dex -1)


Message History

You are too injured to fight recklessly!
You are too injured to fight recklessly!
You are too injured to fight recklessly!
You are too injured to fight recklessly!
You are too injured to fight recklessly!
You are too injured to fight recklessly!
You are too injured to fight recklessly!
You are too injured to fight recklessly!
You are too injured to fight recklessly!
You are too injured to fight recklessly!
You are too injured to fight recklessly!
You are too injured to fight recklessly!
You are too injured to fight recklessly!
You are too injured to fight recklessly!
You are too injured to fight recklessly!
Fire: a) +0 shortbow
Press: ? - help, Shift-Dir - straight line, f/p - troll
Aim: a troll (lightly wounded, 70% to hit)
You shoot an arrow. The arrow hits the troll.
The troll is lightly wounded.
The troll bites you but does no damage. The troll claws you.
The troll claws you!
* * * LOW HITPOINT WARNING * * *
Fire: a) +0 shortbow
Press: ? - help, Shift-Dir - straight line, f/p - troll
Aim: a troll (lightly wounded, 70% to hit)
You shoot an arrow.
The arrow hits the troll but does no damage.
The troll is lightly wounded.
The troll bites you!
* * * LOW HITPOINT WARNING * * *
The troll claws you but does no damage. The troll claws you.
* * * LOW HITPOINT WARNING * * *
Fire: a) +0 shortbow
Press: ? - help, Shift-Dir - straight line, f/p - troll
Aim: a troll (lightly wounded, 70% to hit)
You shoot an arrow. The arrow hits the troll.
The troll is moderately wounded.
The troll bites you!
You die...

* * * * , #. # ,
..#+# .# *##...#
.## ##.....## #..#
#...>...## ##.#.##
.........####T....#
.........'...@$...#
.........####.....#
#......<## ##..###
##.....## *#.#
##...# .# ##+# * .#
,, # * * * * , ,


You could see a troll.

Vanquished Creatures
  An ice beast (D:5)
  A scorpion (D:5)
  2 hounds
  An orc wizard (D:5)
  5 gnolls
  3 adders (D:5)
  A worm (D:2)
  A dart slug (D:1)
  16 orcs
  A ball python (D:3)
  2 bats (D:1)
  5 endoplasms
  2 giant cockroaches
  3 goblins
  2 hobgoblins
  A kobold (D:2)
  4 rats
51 creatures vanquished.

Notes
Turn   | Place    | Note
-------+----------+-------------------------------------------
     0 | D:1      | freelancePsychic the Meteoran Hunter began the quest for
                  | the Orb.
     0 | D:1      | Reached XP level 1. HP: 17/17 MP: 2/2
   142 | D:1      | Reached XP level 2. HP: 24/24 MP: 3/3
   152 | D:1      | Found a faded altar of an unknown god.
   224 | D:2      | Reached skill level 5 in Ranged Weapons
   224 | D:2      | Reached XP level 3. HP: 29/29 MP: 4/4
   238 | D:2      | Reached XP level 4. HP: 4/36 MP: 5/5
   303 | D:2      | Reached skill level 6 in Ranged Weapons
   466 | D:5      | Entered Level 5 of the Dungeon
   466 | D:5      | Noticed a scorpion
   477 | D:5      | Killed a scorpion
   478 | D:5      | Reached XP level 5. HP: 36/41 MP: 6/6
   486 | D:5      | Reached skill level 7 in Ranged Weapons
   496 | D:5      | Noticed an ice beast
   502 | D:5      | Gained mutation: You have hidden genetic defects. [potion
                  | of mutation]
   507 | D:5      | Reached XP level 6. HP: 48/48 MP: 7/7
   510 | D:5      | Killed an ice beast
   511 | D:5      | Reached skill level 8 in Ranged Weapons
   518 | D:5      | Gained mutation: Potions are less effective at restoring
                  | your health. [hidden defects]
   519 | D:5      | Lost mutation: You have hidden genetic defects. [potion of
                  | mutation]
   519 | D:5      | Lost mutation: Potions are less effective at restoring your
                  | health. [potion of mutation]
   519 | D:5      | Gained mutation: You have a somewhat thin skeletal
                  | structure. (Dex +2, Stealth+) [potion of mutation]
   519 | D:5      | Gained mutation: Your muscles are strong. (Str +4, Int/Dex
                  | -1) [potion of mutation]
   561 | D:5      | Reached XP level 7. HP: 10/55 MP: 8/8
   678 | D:6      | Found a runed translucent gate.
   678 | D:6      | Found a runed translucent gate.
   679 | D:6      | Found a runed translucent gate.
   681 | D:6      | Noticed lambentLogic's ghost (novice KoEn)
   683 | D:6      | Noticed a green ugly thing
   728 | D:7      | Noticed a troll
   735 | D:7      | HP: 2/56 [troll (5)]
   736 | D:7      | Slain by a troll

Illustrated notes

Levels and vault maps discovered:
D:1:      dpeg_arrival_erosion, layout_loops_ring,
          shapermc_ecumenical_altar_acropolis, nrook_loot_triangle
D:2:      layout_basic
D:3:      layout_basic, mainiacjoe_overflow_alcove_2, minmay_diced_spiral,
          uniq_jessica
D:4:      layout_basic, st_stairs_11, minmay_between
D:5:      dreamdust_elfheim, layout_gridville, minmay_temple_entry_poolview,
          hex_tiny, st_stairs_13, chequers_serial_rivers_small_b
D:6:      layout_layer_cave, nicolae_tso_besieged_by_evil, gammafunk_ghost_split
D:7:      layout_loops_corners, mumra_transporter_accident

Skill      XL: |  1  2  3  4  5  6 |
---------------+-------------------+-----
Ranged Weapons | 5 6 7 8 |  8.5
Fighting       | |  2.5
Dodging        | |  2.4
Stealth        | |  0.6

Action                   |  1- 3 |  4- 6 |  7- 9 || total
-------------------------+-------+-------+-------++-------
 Fire: Shortbow          |    31 |    73 |    43 ||   147
  Use: Scroll            |     1 |     5 |     1 ||     7
       Potion            |       |     3 |     1 ||     4
Armor: Leather armour    |     1 |    15 |     7 ||    23
Dodge: Dodged            |     4 |    27 |    20 ||    51
